 Dungeon Crawl Stone Soup version 0.29.1-15-g9cfb28693d (webtiles) character file.

Game seed: 4489478781636967321

94 Eitelfritz the Slasher (level 4, -1/38 HPs)
             Began as a Minotaur Gladiator on Apr 14, 2023.
             Slain by an orc
             ... wielding a +0 mace
              (5 damage)
             ... on level 2 of the Dungeon.
             The game lasted 00:02:07 (1523 turns).

Eitelfritz the Slasher (Minotaur Gladiator)         Turns: 1523, Time: 00:02:08

Health: -1/38      AC:  5    Str: 19    XL:     4   Next: 38%
Magic:  3/3        EV: 11    Int:  7    God:
Gold:   104        SH:  0    Dex: 11    Spells: 3/3 levels left

rFire   . . .      SeeInvis .   a - +0 long sword
rCold   + . .      Faith    .   (no shield)
rNeg    . . .      Spirit   .   k - +0 ring mail
rPois   .          Reflect  .   c - +0 hat
rElec   .          Harm     .   (no cloak)
rCorr   .          Rampage  .   (no gloves)
Will    .....                   (no boots)
Stlth   +.........              (no amulet)
HPRegen 0.12/turn               m - ring of protection from cold
MPRegen 0.08/turn               (no ring)

@: no status effects
A: horns 2, retaliatory headbutt
a: no special abilities


You were on level 2 of the Dungeon.
You visited 1 branch of the dungeon, and saw 2 of its levels.

You collected 104 gold pieces.

Inventory:

Hand Weapons
 a - a +0 long sword (weapon)
Missiles
 d - 3 throwing nets (quivered)
Armour
 c - a +0 hat (worn)
 k - a +0 ring mail (worn)
Jewellery
 b - an amulet of magic regeneration
 m - a ring of protection from cold (left hand)
Scrolls
 f - a scroll of identify {unknown}
 h - 3 scrolls of teleportation {unknown}
 i - a scroll of silence {unknown}
 l - 2 scrolls of vulnerability {unknown}
Potions
 g - 2 potions of curing {unknown}
 j - 2 potions of lignification {unknown}


   Skills:
 + Level 3.2 Fighting
 + Level 4.8 Long Blades
 + Level 2.0 Throwing
 + Level 2.0 Armour
 + Level 3.7 Dodging
 + Level 0.3 Stealth


You had 3 spell levels left.
You didn't know any spells.
Your spell library was empty.

Dungeon Overview and Level Annotations

Branches:
Dungeon (2/15)

Altars:


Innate Abilities, Weirdness & Mutations

You have a pair of horns on your head.
You reflexively headbutt those who attack you in melee.


Message History

Reactivating autopickup.
You feel a bit more experienced.
Your Armour skill increases to level 1!
You slash the orc!
You kill the orc!
You hit the orc priest.
The orc priest is moderately wounded.
The orc priest hits you with a +0 flail!
You barely miss the orc priest.
The orc priest is moderately wounded.
The orc priest hits you with a +0 flail.
* * * LOW HITPOINT WARNING * * *
The orc priest hits you with a +0 flail!
* * * LOW HITPOINT WARNING * * *
You closely miss the orc priest. You headbutt the orc priest.
The orc priest is heavily wounded.
The orc priest barely misses you.
You closely miss the orc priest. Your headbutt misses the orc priest.
The orc priest is heavily wounded.
The orc priest hits you with a +0 flail.
* * * LOW HITPOINT WARNING * * *
You barely miss the orc priest. Your headbutt misses the orc priest.
The orc priest is heavily wounded.
The orc priest completely misses you.
You hit the orc priest. Your headbutt misses the orc priest.
The orc priest is severely wounded.
The orc priest closely misses you. You furiously retaliate!
You headbutt the orc priest!
You kill the orc priest!
Your Armour skill increases to level 2!
You have reached level 4!
You feel stronger.
An orc is nearby!
Throw: javelin
Press: ? - help, Q - select action, (/) - cycle Shift-Dir - straight line, f - orc
Aim: an orc, wielding a +0 mace (wandering, hasn't noticed you, 57% to hit)
You throw a javelin. The javelin barely misses the orc.
The orc shouts!
The orc hits you with a +0 mace.
You die...

#.o# #..# #.o#
#..# ###o(#
#..$.#
#.#.|.$....
#(###########
#.o@...)....#
###########.#
#.#
#########.#
..........####
..........).>#
############.#
#.# #.#


You could see an orc.

Vanquished Creatures
  An orc priest (D:2)
  An orc wizard (D:2)
  A dart slug (D:2)
  2 orcs (D:2)
  5 endoplasms (D:1)
  A giant cockroach (D:1)
  2 hobgoblins
  4 kobolds
  4 quokkas (D:1)
  3 ball pythons (D:1)
  3 bats
  2 frilled lizards (D:1)
  3 goblins (D:1)
  2 rats (D:1)
34 creatures vanquished.

Notes
Turn   | Place    | Note
-------+----------+-------------------------------------------
     0 | D:1      | Eitelfritz the Minotaur Gladiator began the quest for the
                  | Orb.
     0 | D:1      | Reached XP level 1. HP: 18/18 MP: 0/0
   254 | D:1      | Reached XP level 2. HP: 21/25 MP: 1/1
   354 | D:1      | Reached skill level 4 in Long Blades
   582 | D:1      | Found a faded altar of an unknown god.
   862 | D:1      | Reached XP level 3. HP: 30/30 MP: 2/2
  1496 | D:2      | Reached skill level 1 in Armour
  1498 | D:2      | HP: 1/31 [orc priest/+0 flail (8)]
  1503 | D:2      | Reached XP level 4. HP: 1/38 MP: 3/3
  1523 | D:2      | Slain by an orc

Illustrated notes

Levels and vault maps discovered:
D:1:      dpeg_arrival_snail, layout_basic,
          shapermc_ecumenical_altar_starsandcircs, minmay_tripent
D:2:      layout_basic

Skill      XL: |  1  2  3 |
---------------+----------+-----
Long Blades    | 4 |  4.8
Fighting       | 3 |  3.2
Armour         | 2 |  2.0
Throwing       | |  2.0
Dodging        | |  3.7
Stealth        | |  0.3

Action                   |  1- 3 |  4- 6 || total
-------------------------+-------+-------++-------
Melee: Long sword        |    80 |       ||    80
       Headbutt          |     9 |       ||     9
Throw: Javelin           |       |     1 ||     1
 Stab: Sleeping          |     1 |       ||     1
Armor: Leather armour    |     6 |       ||     6
       Ring mail         |     7 |       ||     7
Dodge: Dodged            |    52 |       ||    52
